[Event "47. Ilmar Raud Memorial"]
[Site "Viljandi"]
[Date "2013.07.01"]
[Round "1"]
[White "Narva, Triin"]
[Black "Khalifman, Alexander"]
[Result "0-1"]
[ECO "B22"]
[WhiteElo "2083"]
[BlackElo "2630"]
[PlyCount "56"]
[EventDate "2013.??.??"]
[EventCountry "EST"]
[TimeControl "40/5400+30:900+30"]

1. e4 c5 2. Nf3 e6 3. c3 d5 4. exd5 Qxd5 5. d4 Nf6 6. Be2 Nc6 7. Na3 Qd8 8. Nc2
Be7 9. O-O Qc7 10. Be3 Ng4 11. h3 Nxe3 12. fxe3 O-O 13. Nce1 b6 14. Qc2 Bb7 15.
Bd3 g6 16. Nh2 Rad8 17. Ng4 f5 18. Nf2 Qg3 19. Nf3 Ne5 20. Nh1 Nxf3+ 21. Rxf3
Qg5 22. Rg3 Qh4 23. Qf2 e5 24. Bc4+ Kh8 25. Rf1 cxd4 26. exd4 exd4 27. cxd4
Rxd4 28. b3 Rxc4 0-1

[Event "47. Ilmar Raud Memorial"]
[Site "Viljandi"]
[Date "2013.07.01"]
[Round "1"]
[White "Narva, Regina"]
[Black "Kovalev, Vladislav"]
[Result "0-1"]
[ECO "C26"]
[WhiteElo "2048"]
[BlackElo "2558"]
[PlyCount "26"]
[EventDate "2013.??.??"]
[EventCountry "EST"]
[TimeControl "40/5400+30:900+30"]

1. e4 e5 2. Nc3 Nf6 3. g3 Nc6 4. Bg2 Bc5 5. h3 d6 6. Nge2 Be6 7. O-O Qd7 8. Kh2
h5 9. Na4 O-O-O 10. Nxc5 dxc5 11. d3 c4 12. f4 cxd3 13. Nc3 d2 0-1

[Event "47. Ilmar Raud Memorial"]
[Site "Viljandi"]
[Date "2013.07.01"]
[Round "1"]
[White "Tominga, Eke"]
[Black "Kanep, Meelis"]
[Result "0-1"]
[ECO "B94"]
[WhiteElo "1993"]
[BlackElo "2512"]
[PlyCount "88"]
[EventDate "2013.??.??"]
[EventCountry "EST"]
[TimeControl "40/5400+30:900+30"]

1. e4 c5 2. Nf3 d6 3. d4 cxd4 4. Nxd4 Nf6 5. Nc3 a6 6. Bg5 Nbd7 7. Bc4 Qa5 8.
Qd2 e6 9. O-O h6 10. Bh4 Be7 11. Rfe1 g5 12. Bg3 Nh5 13. Rad1 Ne5 14. Bb3 Nxg3
15. hxg3 g4 16. f4 gxf3 17. gxf3 Rg8 18. Qxh6 Rxg3+ 19. Kf2 Rxf3+ 20. Kg2 Bf8
21. Qg5 Rxc3 22. bxc3 Qxc3 23. Re3 Qc5 24. Qg3 Bd7 25. c3 O-O-O 26. Rh1 Kb8 27.
Qg5 Rc8 28. Nf3 Be7 29. Nxe5 dxe5 30. Qg3 f5 31. exf5 Bc6+ 32. Kg1 exf5 33.
Qxe5+ Bd6 34. Qd4 f4 35. Re2 Qg5+ 36. Kf1 Bc5 37. Rg1 Qh4 38. Qe5+ Ka8 39. Be6
Bxg1 40. Kxg1 Qh1+ 41. Kf2 Qf3+ 42. Ke1 Rd8 43. Qg7 Qh1+ 44. Kf2 Qh4+ 0-1

[Event "47. Ilmar Raud Memorial"]
[Site "Viljandi"]
[Date "2013.07.02"]
[Round "2"]
[White "Khalifman, Alexander"]
[Black "Krupenski, Jüri"]
[Result "1/2-1/2"]
[ECO "A60"]
[WhiteElo "2630"]
[BlackElo "2299"]
[PlyCount "74"]
[EventDate "2013.??.??"]
[EventCountry "EST"]
[TimeControl "40/5400+30:900+30"]

1. d4 Nf6 2. c4 e6 3. g3 c5 4. d5 exd5 5. cxd5 b5 6. Nf3 Bb7 7. e4 Nxe4 8. Bxb5
Qa5+ 9. Nfd2 Qxb5 10. Nxe4 f5 11. Nec3 Qa6 12. Na3 Bd6 13. Nab5 O-O 14. O-O Be5
15. Re1 Qf6 16. Bg5 Qxg5 17. Rxe5 Qf6 18. f4 Na6 19. Qe2 Qb6 20. Re7 c4+ 21.
Qf2 Nc5 22. Qd4 Rf7 23. Rae1 a6 24. Nc7 Raf8 25. Rxf7 Rxf7 26. Re8+ Rf8 27. Qe3
Qd6 28. Qe5 Qxe5 29. Rxe5 Rf6 30. d6 Nd3 31. Re8+ Rf8 32. Rxf8+ Kxf8 33. b3
cxb3 34. axb3 Nc5 35. b4 Nd3 36. b5 axb5 37. N7xb5 Kf7 1/2-1/2

[Event "47. Ilmar Raud Memorial"]
[Site "Viljandi"]
[Date "2013.07.02"]
[Round "2"]
[White "Sõskov, Vjacheslav"]
[Black "Külaots, Kaido"]
[Result "1/2-1/2"]
[ECO "B91"]
[WhiteElo "2278"]
[BlackElo "2581"]
[PlyCount "76"]
[EventDate "2013.??.??"]
[EventCountry "EST"]
[TimeControl "40/5400+30:900+30"]

1. e4 c5 2. Nf3 d6 3. d4 Nf6 4. Nc3 cxd4 5. Nxd4 a6 6. g3 e5 7. Nde2 Nbd7 8.
Bg2 Be7 9. O-O b5 10. a4 b4 11. Na2 Rb8 12. c3 bxc3 13. b4 O-O 14. Rb1 Bb7 15.
Nexc3 Qc7 16. a5 Rfc8 17. Qe2 Qc4 18. Qxc4 Rxc4 19. Re1 Rbc8 20. Bd2 Nf8 21. b5
axb5 22. Rxb5 Bc6 23. Rb2 Ne6 24. Nd5 Bxd5 25. exd5 Nd4 26. Nb4 Bd8 27. Ra1 Ra8
28. Be3 Rxa5 29. Rxa5 Bxa5 30. Nc6 Nxc6 31. dxc6 Kf8 32. Rb8+ Ke7 33. Rb7+ Kf8
34. Bg5 e4 35. Rb8+ Ke7 36. Rb7+ Kf8 37. Rb8+ Ke7 38. Rb7+ Kf8 1/2-1/2

[Event "47. Ilmar Raud Memorial"]
[Site "Viljandi"]
[Date "2013.07.02"]
[Round "2"]
[White "Kovalev, Vladislav"]
[Black "Bernotas, Arturs"]
[Result "1-0"]
[ECO "B01"]
[WhiteElo "2558"]
[BlackElo "2281"]
[PlyCount "39"]
[EventDate "2013.??.??"]
[EventCountry "EST"]
[TimeControl "40/5400+30:900+30"]

1. e4 d5 2. exd5 Qxd5 3. Nc3 Qd6 4. d4 Nf6 5. Nf3 Bg4 6. Be2 Nc6 7. Nb5 Qd7 8.
Ne5 Nxe5 9. dxe5 Bxe2 10. Qxd7+ Kxd7 11. Kxe2 Ng4 12. e6+ fxe6 13. Rd1+ Kc6 14.
a4 e5 15. Ra3 Kb6 16. Rb3 Rb8 17. h3 Nf6 18. a5+ Kxa5 19. Be3 c5 20. Bxc5 1-0

[Event "47. Ilmar Raud Memorial"]
[Site "Viljandi"]
[Date "2013.07.02"]
[Round "2"]
[White "Korstin, Maris"]
[Black "Neiksans, Arturs"]
[Result "0-1"]
[ECO "A09"]
[WhiteElo "2222"]
[BlackElo "2554"]
[PlyCount "82"]
[EventDate "2013.??.??"]
[EventCountry "EST"]
[TimeControl "40/5400+30:900+30"]

1. g3 e5 2. Bg2 d5 3. c4 d4 4. d3 Nc6 5. Nf3 Bb4+ 6. Bd2 a5 7. O-O Nf6 8. Bg5
O-O 9. Nbd2 Be7 10. Ne1 h6 11. Bxf6 Bxf6 12. Nc2 Be7 13. a3 a4 14. b4 axb3 15.
Nxb3 Na5 16. Nb4 c6 17. Nd2 Be6 18. Qc2 Qc7 19. Qb2 Bd7 20. Rfb1 Rfb8 21. Nc2
Be6 22. Qb6 Qxb6 23. Rxb6 Ra7 24. Rab1 Rd8 25. Nf3 f6 26. Nd2 Kf7 27. Kf1 Rd7
28. Kg1 g5 29. Bf3 g4 30. Bg2 h5 31. f3 f5 32. fxg4 hxg4 33. Rf1 Kg6 34. h4 Bc5
35. Rb2 Nxc4 36. Nxc4 Bxc4 37. dxc4 d3+ 38. Kh1 dxe2 39. Re1 Rd2 40. Reb1 Bf2
41. Kh2 Rxa3 0-1

[Event "47. Ilmar Raud Memorial"]
[Site "Viljandi"]
[Date "2013.07.02"]
[Round "2"]
[White "Dubrovin, Robert"]
[Black "Volodin, Aleksandr"]
[Result "1/2-1/2"]
[ECO "A43"]
[WhiteElo "2197"]
[BlackElo "2485"]
[PlyCount "107"]
[EventDate "2013.??.??"]
[EventCountry "EST"]
[TimeControl "40/5400+30:900+30"]

1. d4 c5 2. d5 f5 3. h4 e5 4. e4 d6 5. Nc3 Nf6 6. Bb5+ Bd7 7. exf5 Bxb5 8. Nxb5
Qd7 9. Nc3 Qxf5 10. Nge2 Be7 11. Ng3 Qd7 12. Bg5 O-O 13. Qe2 Na6 14. O-O-O Nc7
15. Nge4 Rae8 16. f3 b5 17. Nxf6+ Bxf6 18. Ne4 Bd8 19. Qd3 h6 20. Be3 Rf7 21.
h5 Ref8 22. Rh3 Ne8 23. Rg3 Kh8 24. Rg6 Nf6 25. Nxf6 Rxf6 26. Rh1 a6 27. Rh3
Rxg6 28. Qxg6 Rf6 29. Qe4 Qf5 30. Qxf5 Rxf5 31. g4 Rf7 32. Kd2 Kh7 33. Kd3 Bg5
34. Bxg5 hxg5 35. c3 Rf4 36. Ke3 a5 37. Rh2 Ra4 38. a3 Rf4 39. Rh1 a4 40. Rc1
c4 41. Rh1 Rf6 42. Ke4 Kg8 43. Rg1 Kf8 44. Rg2 Ke7 45. Rg1 Kd7 46. Rg2 Ke7 47.
Rh2 Rf4+ 48. Ke3 e4 49. fxe4 Rxg4 50. h6 gxh6 51. Rxh6 Rg3+ 52. Kf2 Rd3 53. Ke2
Rg3 54. Kf2 1/2-1/2

[Event "47. Ilmar Raud Memorial"]
[Site "Viljandi"]
[Date "2013.07.02"]
[Round "3"]
[White "Lauk, Ülar"]
[Black "Kovalev, Vladislav"]
[Result "0-1"]
[ECO "C99"]
[WhiteElo "2403"]
[BlackElo "2558"]
[PlyCount "106"]
[EventDate "2013.??.??"]
[EventCountry "EST"]
[TimeControl "40/5400+30:900+30"]

1. e4 e5 2. Nf3 Nc6 3. Bb5 a6 4. Ba4 Nf6 5. O-O Be7 6. Re1 b5 7. Bb3 d6 8. c3
O-O 9. h3 Na5 10. Bc2 c5 11. d4 Qc7 12. Nbd2 cxd4 13. cxd4 Rd8 14. d5 Bd7 15.
Rb1 Rdc8 16. Bd3 b4 17. b3 Nb7 18. a4 bxa3 19. Bxa3 Nc5 20. Bc4 Bb5 21. Qc2 Qd7
22. Re3 Qb7 23. Rc3 Nfd7 24. Rc1 a5 25. Bxb5 Qxb5 26. Nc4 Rcb8 27. Nfd2 g6 28.
Rb1 Qa6 29. Nxa5 Qxa5 30. b4 Qa4 31. bxc5 Qxc2 32. Rxc2 Rxb1+ 33. Nxb1 dxc5 34.
Rb2 Ra7 35. Kf1 f5 36. exf5 gxf5 37. Rb5 Kf7 38. Ke2 Bd6 39. Kd2 Nf6 40. Kd3
c4+ 41. Kxc4 Bxa3 42. Nc3 Bd6 43. Rb6 Rc7+ 44. Rc6 Rxc6+ 45. dxc6 Ke6 46. Nb5
Nd5 47. g4 f4 48. f3 Ne7 49. c7 Kd7 50. g5 Bxc7 51. h4 Bb6 52. Kd3 Ke6 53. Ke4
Nf5 0-1

[Event "47. Ilmar Raud Memorial"]
[Site "Viljandi"]
[Date "2013.07.02"]
[Round "3"]
[White "Neiksans, Arturs"]
[Black "Seeman, Tarvo"]
[Result "1/2-1/2"]
[ECO "B12"]
[WhiteElo "2554"]
[BlackElo "2376"]
[PlyCount "80"]
[EventDate "2013.??.??"]
[EventCountry "EST"]
[TimeControl "40/5400+30:900+30"]

1. e4 g6 2. d4 Bg7 3. Nc3 c6 4. Nf3 d5 5. h3 Nh6 6. Bd3 O-O 7. O-O dxe4 8. Nxe4
Nf5 9. c3 Nd7 10. Bf4 Nf6 11. Nxf6+ Bxf6 12. Re1 Qb6 13. b4 a5 14. a3 axb4 15.
axb4 Rxa1 16. Qxa1 Nd6 17. Bc2 Be6 18. Ne5 Bxe5 19. Bxe5 Nc4 20. Bf4 Qd8 21.
Bd3 Qd7 22. Qa7 Re8 23. Bh6 Bd5 24. Rb1 Nd6 25. Qc5 b5 26. Ra1 f6 27. Bf4 Ne4
28. Bxe4 Bxe4 29. f3 Bd5 30. Qa7 Qxa7 31. Rxa7 g5 32. Bc7 h5 33. Bb6 Kf7 34.
Bc5 h4 35. Kf2 f5 36. Ke3 Kf6 37. Kf2 f4 38. Rc7 e5 39. dxe5+ Kxe5 40. Bd4+ Kf5
1/2-1/2

[Event "47. Ilmar Raud Memorial"]
[Site "Viljandi"]
[Date "2013.07.02"]
[Round "3"]
[White "Berzinsh, Roland"]
[Black "Kveinys, Aloyzas"]
[Result "0-1"]
[ECO "B47"]
[WhiteElo "2400"]
[BlackElo "2479"]
[PlyCount "70"]
[EventDate "2013.??.??"]
[EventCountry "EST"]
[TimeControl "40/5400+30:900+30"]

1. e4 c5 2. Nf3 e6 3. d4 cxd4 4. Nxd4 a6 5. Nc3 Qc7 6. g3 d6 7. Bg2 Bd7 8. O-O
Nc6 9. Nb3 Rb8 10. Qe2 b5 11. a3 Be7 12. Be3 Nf6 13. f4 b4 14. axb4 Nxb4 15.
Kh1 O-O 16. Rad1 Rfc8 17. Rd2 Nxc2 18. Rxc2 Rxb3 19. Rfc1 Qb8 20. g4 h6 21. g5
hxg5 22. fxg5 Nh7 23. g6 fxg6 24. e5 dxe5 25. Nd5 Bf8 26. Rxc8 Bxc8 27. Ba7
Qxa7 28. Rxc8 Qf7 29. Ne3 Qd7 30. Ra8 Qd4 31. Nc4 Rd3 32. Rc8 e4 33. h3 Nf6 34.
Kh2 Kh7 35. Qe1 Bd6+ 0-1

[Event "47. Ilmar Raud Memorial"]
[Site "Viljandi"]
[Date "2013.07.02"]
[Round "3"]
[White "Narva, Jaan"]
[Black "Shvyrjov, Igor"]
[Result "0-1"]
[ECO "B89"]
[WhiteElo "2300"]
[BlackElo "2461"]
[PlyCount "92"]
[EventDate "2013.??.??"]
[EventCountry "EST"]
[TimeControl "40/5400+30:900+30"]

1. e4 c5 2. Nf3 Nc6 3. Nc3 d6 4. d4 cxd4 5. Nxd4 Nf6 6. Bc4 e6 7. Be3 Be7 8.
Qe2 a6 9. O-O-O Qc7 10. Bb3 Na5 11. Kb1 b5 12. f3 h5 13. h4 b4 14. Na4 Nxb3 15.
cxb3 Bd7 16. Rc1 Qb7 17. Bg5 O-O 18. e5 dxe5 19. Qxe5 Rac8 20. Nc5 Rxc5 21.
Rxc5 Bxc5 22. Qxc5 Rc8 23. Qe5 Nd5 24. Bd2 Qb6 25. Re1 Rc5 26. Qe4 a5 27. f4
Nf6 28. Qd3 Qd6 29. Be3 Bc6 30. Ka1 Bxg2 31. Rg1 Be4 32. Rxg7+ Kf8 33. Qd2 Rd5
34. Rg5 Ng4 35. Rxd5 Qxd5 36. a3 Bg6 37. Ka2 Qe4 38. f5 Qxe3 39. Qxe3 Nxe3 40.
fxg6 fxg6 41. Kb1 Nf5 42. Nc6 g5 43. hxg5 h4 44. Ne5 h3 45. Ng4 Kg7 46. Kc2
Ne3+ 0-1

[Event "47. Ilmar Raud Memorial"]
[Site "Viljandi"]
[Date "2013.07.02"]
[Round "3"]
[White "Külaots, Kaido"]
[Black "Ladva, Ottomar"]
[Result "1/2-1/2"]
[ECO "A14"]
[WhiteElo "2581"]
[BlackElo "2310"]
[PlyCount "50"]
[EventDate "2013.??.??"]
[EventCountry "EST"]
[TimeControl "40/5400+30:900+30"]

1. Nf3 d5 2. c4 e6 3. b3 Nf6 4. g3 c5 5. Bg2 Nc6 6. O-O Be7 7. Bb2 O-O 8. e3 b6
9. Qe2 Ba6 10. Nc3 Rc8 11. d3 Qc7 12. Ne1 Rfd8 13. f4 Qd7 14. Nf3 d4 15. Ne4
dxe3 16. Ne5 Nxe5 17. fxe5 Nxe4 18. Bxe4 Bb7 19. Bxh7+ Kxh7 20. Qh5+ Kg8 21.
Qxf7+ Kh7 22. Qh5+ Kg8 23. Qf7+ Kh7 24. Qh5+ Kg8 25. Qf7+ Kh7 1/2-1/2

[Event "47. Ilmar Raud Memorial"]
[Site "Viljandi"]
[Date "2013.07.03"]
[Round "4"]
[White "Kovalev, Vladislav"]
[Black "Kveinys, Aloyzas"]
[Result "1-0"]
[ECO "B42"]
[WhiteElo "2558"]
[BlackElo "2479"]
[PlyCount "93"]
[EventDate "2013.??.??"]
[EventCountry "EST"]
[TimeControl "40/5400+30:900+30"]

1. e4 c5 2. Nf3 e6 3. d4 cxd4 4. Nxd4 a6 5. Bd3 Nf6 6. O-O Qc7 7. Qe2 d6 8. c4
g6 9. Nc3 Bg7 10. Rd1 O-O 11. Nf3 Nc6 12. h3 Nd7 13. Bf4 Bxc3 14. bxc3 f6 15.
Be3 Nc5 16. Bxc5 dxc5 17. e5 Nxe5 18. Nxe5 Qxe5 19. Qxe5 fxe5 20. Be4 Kf7 21.
Rab1 Ke7 22. a4 a5 23. Rb5 Ra7 24. Rdb1 Kd6 25. Rd1+ Ke7 26. Rdb1 Kd6 27. f3
Rh8 28. Kf2 g5 29. Rd1+ Ke7 30. Rdb1 Kd6 31. Rd1+ Ke7 32. Rxc5 b6 33. Rxe5 Kf6
34. Rb5 Bd7 35. Rxb6 Rc8 36. Rd5 h6 37. Bf5 Rcc7 38. Bg4 h5 39. Bxh5 Bxa4 40.
Rdd6 Bd7 41. Bg4 Rab7 42. c5 Ke7 43. Rxb7 Rxb7 44. Ra6 Rb5 45. c6 Be8 46. c7
Bd7 47. Rxe6+ 1-0

[Event "47. Ilmar Raud Memorial"]
[Site "Viljandi"]
[Date "2013.07.03"]
[Round "4"]
[White "Shvyrjov, Igor"]
[Black "Neiksans, Arturs"]
[Result "0-1"]
[ECO "A80"]
[WhiteElo "2461"]
[BlackElo "2554"]
[PlyCount "82"]
[EventDate "2013.??.??"]
[EventCountry "EST"]
[TimeControl "40/5400+30:900+30"]

1. d4 f5 2. Nc3 Nf6 3. Bg5 d5 4. e3 e6 5. Nf3 Be7 6. Be2 O-O 7. O-O Nbd7 8. Na4
b6 9. c4 Bb7 10. Rc1 c5 11. Qb3 Ne4 12. Bxe7 Qxe7 13. cxd5 Bxd5 14. Qa3 Rac8
15. Rc2 Ng5 16. Rfc1 Nxf3+ 17. Bxf3 Bxf3 18. gxf3 Qg5+ 19. Kf1 Qh5 20. Qb3 Rce8
21. dxc5 bxc5 22. Nxc5 Nxc5 23. Rxc5 Qxf3 24. Rc7 Qh1+ 25. Ke2 Qxh2 26. Qb7
Qh5+ 27. Ke1 Qg6 28. Qxa7 f4 29. exf4 Rxf4 30. Rc8 Qg1+ 31. Ke2 Qg4+ 32. Kf1
Qh3+ 33. Ke1 Qh1+ 34. Ke2 Qf3+ 35. Kd2 Qd5+ 36. Ke2 Re4+ 37. Kf1 Qb5+ 38. Kg2
Rg4+ 39. Kf3 Qf5+ 40. Ke2 Re4+ 41. Kf1 Qh3+ 0-1

[Event "47. Ilmar Raud Memorial"]
[Site "Viljandi"]
[Date "2013.07.03"]
[Round "4"]
[White "Volodin, Aleksandr"]
[Black "Seeman, Tarvo"]
[Result "1/2-1/2"]
[ECO "B08"]
[WhiteElo "2485"]
[BlackElo "2376"]
[PlyCount "81"]
[EventDate "2013.??.??"]
[EventCountry "EST"]
[TimeControl "40/5400+30:900+30"]

1. d4 g6 2. e4 Bg7 3. Nf3 d6 4. Be2 Nf6 5. Nc3 O-O 6. O-O Bg4 7. Be3 Nc6 8. Bb5
Nd7 9. Bxc6 bxc6 10. h3 Bxf3 11. Qxf3 Qb8 12. Rab1 Qb4 13. Rfd1 Qc4 14. Qe2
Qxe2 15. Nxe2 e5 16. dxe5 Nxe5 17. f4 Nc4 18. Bd4 Rfe8 19. Bxg7 Kxg7 20. Rd4
Nb6 21. Nc3 h5 22. Kf2 a5 23. Re1 f6 24. Na4 Reb8 25. Nxb6 Rxb6 26. b3 c5 27.
Rd5 c4 28. e5 fxe5 29. fxe5 cxb3 30. axb3 a4 31. exd6 cxd6 32. bxa4 Rxa4 33.
Re6 Rf4+ 34. Ke3 Rf6 35. Re7+ Rf7 36. Re8 Rc6 37. Rd2 Rfc7 38. Re6 Kf7 39.
Rdxd6 Rxd6 40. Rxd6 Rxc2 41. Ke4 1/2-1/2

[Event "47. Ilmar Raud Memorial"]
[Site "Viljandi"]
[Date "2013.07.03"]
[Round "4"]
[White "Ladva, Ottomar"]
[Black "Sriram, Jha"]
[Result "1-0"]
[ECO "D15"]
[WhiteElo "2310"]
[BlackElo "2437"]
[PlyCount "97"]
[EventDate "2013.??.??"]
[EventCountry "EST"]
[TimeControl "40/5400+30:900+30"]

1. d4 d5 2. c4 c6 3. Nf3 Nf6 4. Nc3 a6 5. e3 b5 6. b3 Bg4 7. h3 Bxf3 8. Qxf3 e6
9. Bd2 Nbd7 10. Bd3 Bd6 11. O-O O-O 12. e4 dxc4 13. bxc4 e5 14. d5 bxc4 15.
Bxc4 Nb6 16. Bb3 cxd5 17. exd5 Rc8 18. Bg5 Be7 19. Bxf6 Bxf6 20. Ne4 Bg5 21. d6
Kh8 22. Bxf7 Rc4 23. Nxg5 Qxg5 24. Qe3 Rf4 25. Qxb6 R4xf7 26. Rad1 h6 27. Qxa6
e4 28. Qe2 Qe5 29. Rfe1 Qa5 30. d7 Qc7 31. Qg4 Rd8 32. Qxe4 Rfxd7 33. Rxd7 Qxd7
34. a4 Qd2 35. Re3 Qd1+ 36. Kh2 Rf8 37. f4 Qa1 38. Rg3 Rf6 39. Qe5 Qb1 40. Qe7
Qh7 41. Qe8+ Qg8 42. Qxg8+ Kxg8 43. Rf3 Kf7 44. Kg3 Ke6 45. a5 Kd7 46. Ra3 Ra6
47. Kf3 h5 48. Ke4 Kc7 49. Kf5 1-0

[Event "47. Ilmar Raud Memorial"]
[Site "Viljandi"]
[Date "2013.07.03"]
[Round "4"]
[White "Agopov, Mikael"]
[Black "Dubrovin, Robert"]
[Result "1-0"]
[ECO "C11"]
[WhiteElo "2429"]
[BlackElo "2197"]
[PlyCount "68"]
[EventDate "2013.??.??"]
[EventCountry "EST"]
[TimeControl "40/5400+30:900+30"]

1. e4 e6 2. d4 d5 3. Nc3 Nf6 4. e5 Nfd7 5. f4 c5 6. Nf3 Nc6 7. Be3 cxd4 8. Nxd4
Bc5 9. Qd2 O-O 10. O-O-O Bxd4 11. Bxd4 Qa5 12. Kb1 Rb8 13. h4 b5 14. Bf2 b4 15.
Ne2 Ba6 16. Rh3 f6 17. Nd4 Nxd4 18. Qxd4 Bxf1 19. Rxf1 fxe5 20. fxe5 Qb5 21.
Re1 a5 22. h5 a4 23. h6 g6 24. Bh4 Rf7 25. Rf3 Rbf8 26. Bf6 Nc5 27. Bg7 Rxf3
28. gxf3 Rxf3 29. Qh4 Qe8 30. Qxb4 Ne4 31. c4 Rf7 32. cxd5 exd5 33. e6 Re7 34.
Rf1 Qd8 1-0

[Event "47. Ilmar Raud Memorial"]
[Site "Viljandi"]
[Date "2013.07.04"]
[Round "5"]
[White "Agopov, Mikael"]
[Black "Kovalev, Vladislav"]
[Result "1/2-1/2"]
[ECO "C96"]
[WhiteElo "2429"]
[BlackElo "2555"]
[PlyCount "143"]
[EventDate "2013.??.??"]
[EventCountry "EST"]
[TimeControl "40/5400+30:900+30"]

1. e4 e5 2. Nf3 Nc6 3. Bb5 a6 4. Ba4 Nf6 5. O-O Be7 6. Re1 b5 7. Bb3 d6 8. c3
O-O 9. h3 Na5 10. Bc2 c5 11. d4 Nd7 12. Nbd2 cxd4 13. cxd4 Nc6 14. Nb3 a5 15.
Be3 a4 16. Nbd2 Bf6 17. Nf1 Nb6 18. dxe5 dxe5 19. Qxd8 Bxd8 20. Bc5 Re8 21. Bd3
Ba6 22. Rac1 Nc4 23. b3 axb3 24. axb3 N4a5 25. N1d2 Nb7 26. Ba3 Re6 27. Rc2 Ba5
28. Rec1 Nbd8 29. Ra1 Rb8 30. Nf1 Bb6 31. Bc5 Bxc5 32. Rxc5 Nb4 33. Be2 f6 34.
Ne3 Rc6 35. Rac1 Rxc5 36. Rxc5 Ne6 37. Rc1 Kf7 38. Kf1 Rd8 39. Ke1 Rd7 40. Nc2
Rc7 41. Kd2 Nxc2 42. Rxc2 Rxc2+ 43. Kxc2 Bb7 44. Bxb5 Bxe4+ 45. Kc3 Bxf3 46.
gxf3 Ng5 47. Bf1 Nxf3 48. b4 Ke6 49. b5 Kd6 50. Kb4 Nd4 51. Ka5 e4 52. b6 Nb3+
53. Ka6 Nc5+ 54. Ka7 Ke5 55. b7 Nxb7 56. Kxb7 Kf4 57. Bg2 e3 58. fxe3+ Kxe3 59.
Kc6 Kf2 60. Be4 g6 61. Kd6 f5 62. Bxf5 gxf5 63. Ke5 h5 64. Kxf5 Kg3 65. h4 Kxh4
66. Kf4 Kh3 67. Kf3 h4 68. Kf2 Kh2 69. Kf1 h3 70. Kf2 Kh1 71. Kf1 h2 72. Kf2
1/2-1/2

[Event "47. Ilmar Raud Memorial"]
[Site "Viljandi"]
[Date "2013.07.04"]
[Round "5"]
[White "Lauk, Ülar"]
[Black "Khalifman, Alexander"]
[Result "1/2-1/2"]
[ECO "B35"]
[WhiteElo "2403"]
[BlackElo "2630"]
[PlyCount "25"]
[EventDate "2013.??.??"]
[EventCountry "EST"]
[TimeControl "40/5400+30:900+30"]

1. e4 c5 2. Nf3 Nc6 3. d4 cxd4 4. Nxd4 g6 5. Nc3 Bg7 6. Be3 Nf6 7. Bc4 O-O 8.
Bb3 a5 9. O-O Nxd4 10. Bxd4 d6 11. a4 Bd7 12. Nd5 Nxd5 13. exd5 1/2-1/2

[Event "47. Ilmar Raud Memorial"]
[Site "Viljandi"]
[Date "2013.07.04"]
[Round "5"]
[White "Sipilä, Vilka"]
[Black "Ehlvest, Jaan"]
[Result "1-0"]
[ECO "C41"]
[WhiteElo "2411"]
[BlackElo "2621"]
[PlyCount "101"]
[EventDate "2013.??.??"]
[EventCountry "EST"]
[TimeControl "40/5400+30:900+30"]

1. e4 e5 2. Nf3 d6 3. d4 exd4 4. Nxd4 Nf6 5. Nc3 Be7 6. Be2 O-O 7. O-O Re8 8.
f4 Bf8 9. Bf3 Nbd7 10. Re1 Nc5 11. Nb3 Nxb3 12. axb3 c6 13. Be3 d5 14. Bf2 dxe4
15. Qxd8 Rxd8 16. Nxe4 Bf5 17. Nxf6+ gxf6 18. Re2 a6 19. Bb6 Re8 20. Rae1 Rxe2
21. Rxe2 Be6 22. g4 Re8 23. f5 Bd7 24. Rd2 Bc8 25. Kf2 h5 26. h3 Bh6 27. Rd1
hxg4 28. hxg4 Bf4 29. Bd4 Kg7 30. Rg1 Bg5 31. Rd1 Bf4 32. Rd3 Bg5 33. b4 Bh4+
34. Kg2 Bg5 35. Kg3 Kg8 36. Bc5 Bc1 37. Rb3 Bg5 38. c4 Rd8 39. b5 axb5 40. cxb5
cxb5 41. Rxb5 Rd3 42. Kf2 Bd7 43. Rb6 Rd2+ 44. Kf1 Rc2 45. b4 Bc6 46. Bxc6 bxc6
47. Rxc6 Rc4 48. b5 Rxg4 49. b6 Bf4 50. b7 Kg7 51. Rd6 1-0

[Event "47. Ilmar Raud Memorial"]
[Site "Viljandi"]
[Date "2013.07.04"]
[Round "5"]
[White "Neiksans, Arturs"]
[Black "Ladva, Ottomar"]
[Result "1/2-1/2"]
[ECO "B85"]
[WhiteElo "2549"]
[BlackElo "2310"]
[PlyCount "97"]
[EventDate "2013.??.??"]
[EventCountry "EST"]
[TimeControl "40/5400+30:900+30"]

1. e4 c5 2. Nf3 e6 3. d4 cxd4 4. Nxd4 Nc6 5. Nc3 a6 6. Be2 d6 7. O-O Nf6 8. Be3
Be7 9. f4 O-O 10. Qe1 Nxd4 11. Bxd4 b5 12. a3 Bb7 13. Qg3 g6 14. Bd3 Nd7 15. f5
Bf6 16. Bxf6 Nxf6 17. fxe6 fxe6 18. h3 Qb6+ 19. Kh2 Qc5 20. e5 Nh5 21. Qg5
Qxe5+ 22. Qxe5 dxe5 23. Rae1 Rxf1 24. Bxf1 Rf8 25. Kg1 e4 26. g4 Nf6 27. Bg2
Rc8 28. g5 Nd5 29. Bxe4 Rc7 30. Nxd5 Bxd5 31. Bxd5 exd5 32. c3 d4 33. cxd4 Rc2
34. Re8+ Kf7 35. Ra8 Rxb2 36. Rxa6 Rd2 37. Ra7+ Ke6 38. Rxh7 Rxd4 39. Rb7 Rd5
40. h4 Kf5 41. Rb6 Kg4 42. Rxg6 Kxh4 43. Kf2 Rxg5 44. Rh6+ Kg4 45. Ke3 b4 46.
axb4 Rb5 47. Re6 Rxb4 48. Re4+ Rxe4+ 49. Kxe4 1/2-1/2

[Event "47. Ilmar Raud Memorial"]
[Site "Viljandi"]
[Date "2013.07.04"]
[Round "5"]
[White "Miezis, Normunds"]
[Black "Shvyrjov, Igor"]
[Result "1-0"]
[ECO "E72"]
[WhiteElo "2548"]
[BlackElo "2461"]
[PlyCount "103"]
[EventDate "2013.??.??"]
[EventCountry "EST"]
[TimeControl "40/5400+30:900+30"]

1. c4 Nf6 2. Nc3 g6 3. g3 Bg7 4. Bg2 O-O 5. e4 d6 6. Nge2 c6 7. O-O e5 8. d4 a6
9. a4 a5 10. h3 Na6 11. Be3 exd4 12. Nxd4 Re8 13. Re1 Nc5 14. Qc2 Qb6 15. Rad1
Be6 16. b3 Rad8 17. Rb1 Bc8 18. Red1 Re7 19. f3 Nfd7 20. Ndb5 d5 21. cxd5 cxb5
22. Nxb5 f5 23. Rbc1 fxe4 24. fxe4 Be5 25. d6 Rf7 26. Rd5 Bxg3 27. Rxc5 Rdf8
28. Rc3 Bf2+ 29. Qxf2 Rxf2 30. Bxb6 Nxb6 31. Rf1 Rd2 32. Rxf8+ Kxf8 33. Rc7 Be6
34. Rxb7 Nd7 35. Rc7 g5 36. Rc3 Ne5 37. Rc5 Bxh3 38. Rxe5 Rxg2+ 39. Kh1 Rd2 40.
Rxg5 Be6 41. Rg3 Kf7 42. Rf3+ Kg6 43. Kg1 Kg5 44. e5 Kg4 45. Rf6 Kg3 46. Kf1
Bg4 47. Nc3 Bf3 48. Ke1 Rd3 49. Ne2+ Kg4 50. e6 Bc6 51. Rf4+ Kg5 52. Rd4 1-0

[Event "47. Ilmar Raud Memorial"]
[Site "Viljandi"]
[Date "2013.07.04"]
[Round "6"]
[White "Kovalev, Vladislav"]
[Black "Miezis, Normunds"]
[Result "1/2-1/2"]
[ECO "B42"]
[WhiteElo "2558"]
[BlackElo "2549"]
[PlyCount "38"]
[EventDate "2013.??.??"]
[EventCountry "EST"]
[TimeControl "40/5400+30:900+30"]

1. e4 c5 2. Nf3 e6 3. d4 cxd4 4. Nxd4 a6 5. Bd3 Nc6 6. Nxc6 dxc6 7. O-O e5 8.
a4 Nf6 9. Nd2 Bc5 10. Nc4 Qe7 11. Bg5 h6 12. Bxf6 Qxf6 13. Qh5 Qg5 14. Qxg5
hxg5 15. Nxe5 Bd6 16. Nf3 g4 17. e5 Bc5 18. Nd2 Rh5 19. Rfe1 Be6 1/2-1/2

[Event "47. Ilmar Raud Memorial"]
[Site "Viljandi"]
[Date "2013.07.04"]
[Round "6"]
[White "Ladva, Ottomar"]
[Black "Agopov, Mikael"]
[Result "0-1"]
[ECO "B90"]
[WhiteElo "2310"]
[BlackElo "2429"]
[PlyCount "120"]
[EventDate "2013.??.??"]
[EventCountry "EST"]
[TimeControl "40/5400+30:900+30"]

1. e4 c5 2. Nf3 d6 3. d4 cxd4 4. Nxd4 Nf6 5. Nc3 a6 6. h3 e5 7. Nde2 Be7 8. g4
Nc6 9. Bg2 Be6 10. Ng3 O-O 11. O-O Rc8 12. Nf5 Ne8 13. Nxe7+ Nxe7 14. Be3 Ng6
15. Qd2 Nf6 16. Rfd1 Rc6 17. Nd5 Bxd5 18. exd5 Rc8 19. b3 Re8 20. c4 e4 21. Bd4
h5 22. Qg5 hxg4 23. hxg4 Ne5 24. Re1 Qd7 25. Rxe4 Nxe4 26. Bxe4 Qxg4+ 27. Qxg4
Nxg4 28. Bf5 Ra8 29. Bb6 Nf6 30. Bc7 Re5 31. Bh3 Ne4 32. f3 Re7 33. Ba5 Ng5 34.
Bg4 f5 35. Bxf5 Rf8 36. Bg4 Nxf3+ 37. Kg2 Nh4+ 38. Kh3 Nf5 39. Bb6 g6 40. Rd1
Kg7 41. Rd3 Re4 42. Bxf5 gxf5 43. c5 Rg4 44. Rg3 Rh8+ 45. Kg2 dxc5 46. d6 Kf7
47. d7 Ke7 48. Rxg4 fxg4 49. d8=Q+ Rxd8 50. Bxd8+ Kxd8 51. Kg3 Ke7 52. Kxg4 Ke6
53. Kf4 Kd5 54. Ke3 c4 55. bxc4+ Kxc4 56. Kd2 Kb4 57. Kc2 Ka3 58. Kb1 a5 59.
Ka1 a4 60. Kb1 b6 0-1